 Dungeon Crawl Stone Soup version 0.29.1-2-gbd0b4ee654 (webtiles) character file.

Game seed: 10103782510709546767

39 Hiippo the Chopper (level 3, -5/32 HPs)
             Began as a Palentonga Berserker on Nov 29, 2022.
             Was a Believer of Trog.
             Killed from afar by Sigmund (6 damage)
             ... with a puff of flame
             ... on level 2 of the Dungeon.
             The game lasted 00:10:54 (1530 turns).

Hiippo the Chopper (Palentonga Berserker)           Turns: 1530, Time: 00:10:55

Health: -5/32      AC:  6    Str: 24    XL:     3   Next: 26%
Magic:  3/3        EV:  9    Int:  7    God:    Trog [**....]
Gold:   119        SH:  0    Dex:  9    Spells: 2/2 levels left

rFire   . . .      SeeInvis +   a - +1 hand axe
rCold   . . .      Faith    .   (no shield)
rNeg    . . .      Spirit   .   b - +0 animal skin
rPois   .          Reflect  .   (no helmet)
rElec   .          Harm     .   (no cloak)
rCorr   .          Rampage  .   j - +1 pair of gloves
Will    .....                   (no barding)
Stlth   +.........              (no amulet)
HPRegen 0.10/turn               (no ring)
MPRegen 0.08/turn               (no ring)

@: no status effects
A: large, rugged brown scales 3, see invisible, deformed body, roll 1, armoured
tail
a: Rolling Charge, Renounce Religion, Berserk, Trog's Hand


You were on level 2 of the Dungeon.
You worshipped Trog.
Trog was pleased with you.
You visited 1 branch of the dungeon, and saw 2 of its levels.

You collected 119 gold pieces.

Inventory:

Hand Weapons
 a - a +1 hand axe (weapon)
Armour
 b - a +0 animal skin (worn)
 j - a +1 pair of gloves (worn)
Potions
 c - a potion of degeneration {unknown}
 e - a potion of might {unknown}
 f - a potion of berserk rage {unknown}
 g - a potion of lignification {unknown}
 h - a potion of attraction {unknown}
 i - a potion of heal wounds {unknown}


   Skills:
 + Level 3.7 Fighting
 + Level 3.7 Axes
 - Level 1.5 Armour
 - Level 1.5 Dodging


You had 2 spell levels left.
You didn't know any spells.
Your spell library was empty.

Dungeon Overview and Level Annotations

Branches:
Dungeon (2/15)

Altars:

Shops:
D:1 *

Annotations:
D:2 Sigmund


Innate Abilities, Weirdness & Mutations

You are completely covered in rugged brown scales. (AC +3, +7% HP)
You have supernaturally acute eyesight. (SInv)
Armour fits poorly on your strangely shaped body.
You can roll at nearby foes to attack.
You have a long armoured tail.


Message History

Sigmund shouts!
There's nothing you can charge at!
Roll where?
Press: ? - help, Q - select action, (/) - cycle Dir - move target, f - Sigmund
Aim: Sigmund, wielding a +0 scythe, wearing a +1 robe of resistance and carrying a wand of flame (12)
You roll forward with a clatter of scales!
You closely miss Sigmund. Sigmund casts a spell at you.
The puff of flame hits you!
You hit Sigmund. You tail-slap Sigmund.
Sigmund is moderately wounded.
Sigmund gestures at you while chanting.
You are confused.
Sigmund mumbles some strange words.
Sigmund flickers and vanishes for a moment.
You're too confused to move!
Sigmund completely misses you.
You miss Sigmund.
Your tail-slap misses Sigmund.
Sigmund is moderately wounded.
Sigmund hits you with a +0 scythe.
You miss Sigmund.
Sigmund is moderately wounded.
Sigmund hits you with a +0 scythe!
You feel less confused. Sigmund barely misses you.
Roll where?
Press: ? - help, Q - select action, (/) - cycle Dir - move target, f/p - Sigmund
Aim: Sigmund, wielding a +0 scythe, wearing a +1 robe of resistance and carrying a wand of flame (12) (moderately wounded, slightly transparent)
You roll forward with a clatter of scales!
You hit Sigmund. You tail-slap Sigmund!
Sigmund is severely wounded.
Sigmund points at you and mumbles some strange words.
The puff of flame hits you!
* * * LOW HITPOINT WARNING * * *
As you read the scroll labelled JEFASA ZANY, it crumbles to dust.
It is a scroll of enchant weapon.
Your +0 hand axe glows red for a moment.
Sigmund points at you and mumbles some strange words.
The puff of flame hits you.
You die...

# ##### #...# ## #.#### .##
#####.# #. ..# #.....# #.#####
..# #.###.###.....# ..# ##.#
#.........# ..###..# ######....#
##### ....#.## #..°.# #...#
###.#.### #@@..# #...# ###.#...#
#....# #...# ........# #....#
#...#
##.<....#######....#######...#
......#.......#....#.........###
..####........#....#...........#
..# #.......#....#...........#
..# .......#....#.....†.....#
..# #######....#######...>.#


You could see Sigmund (invisible).

Vanquished Creatures
  2 worms (D:2)
  A dart slug (D:1)
  2 endoplasms (D:2)
  3 goblins (D:1)
  2 hobgoblins
  4 kobolds
  2 quokkas (D:2)
  4 ball pythons
  2 bats
  6 frilled lizards
  5 rats
33 creatures vanquished.

Vanquished Creatures (others)
  2 plants (D:1)
2 creatures vanquished.

Grand Total: 35 creatures vanquished

Notes
Turn   | Place    | Note
-------+----------+-------------------------------------------
     0 | D:1      | Hiippo the Palentonga Berserker began the quest for the
                  | Orb.
     0 | D:1      | Reached XP level 1. HP: 19/19 MP: 1/1
    30 | D:1      | Found a faded altar of an unknown god.
    66 | D:1      | Found Raethua's Assorted Antiques.
   298 | D:1      | Reached XP level 2. HP: 24/25 MP: 2/2
  1232 | D:2      | Reached ** piety under Trog
  1233 | D:2      | Reached XP level 3. HP: 29/31 MP: 3/3
  1518 | D:2      | Noticed Sigmund
  1529 | D:2      | HP: 1/32 [Sigmund/puff of flame (12)]
  1530 | D:2      | Killed from afar by Sigmund

Illustrated notes

Levels and vault maps discovered:
D:1:      scummos_arrival_hexagon, layout_loops_ring, serial_bayou,
          serial_bayou_pond_d, serial_bayou_pond_a, serial_bayou_shore_b,
          serial_bayou_shore_b, ebering_ecumenical_altar_rust, serial_shops,
          shop, kennysheep_boxes
D:2:      layout_rooms, serial_co_window_serial, co_window_corner_a,
          co_window_corner_a, co_window_paths_a, co_window_corner_a,
          co_window_paths_b, co_window_corner_b, co_window_2corner,
          co_window_corner_b, co_window_cross_4, co_window_unsneaky_path_b,
          co_window_unsneaky_path_e, co_window_unsneaky_path_d, glass_columns_b,
          grunt_decor_arrowhead, uniq_sigmund

Action                   || total
-------------------------++-------
Melee: Hand axe          ||    88
       Tailslap          ||     7
       Punch             ||     1
 Abil: Rolling Charge    ||    28
  Use: Scroll            ||     1
Armor: Animal skin       ||    25
Dodge: Dodged            ||    27
